 Dungeon Sprint DCSS version 0.27.1-1-g398f81649c (webtiles) character file.

Game seed: 4183762555832103131

17 boopmooplesden the Chopper (level 2, -6/23 (26) HPs)
             Began as a Hill Orc Gladiator on Sept 15, 2021.
             Was an Initiate of Okawaru.
             Mangled by a wight (9 damage)
             ... in the Dungeon (Sprint VII: "The Pits").
             The game lasted 00:00:39 (325 turns).

boopmooplesden the Chopper (Hill Orc Gladiator)      Turns: 325, Time: 00:00:39

HP:   -6/23 (26)    AC:  4    Str: 16    XL:     2   Next: 62%
MP:   2/2           EV: 12    Int:  8    God:    Okawaru [......]
Gold: 0             SH:  0    Dex: 12    Spells: 1/1 levels left

rFire    . . .     SeeInvis .   k - +2 quarterstaff
rCold    . . .     Faith    .   (shield currently unavailable)
rNeg     . . .     Spirit   .   b - +0 leather armour
rPois    .         Reflect  .   c - +0 helmet
rElec    .         Harm     .   (no cloak)
rCorr    .         Rampage  .   (no gloves)
Will     .....     NoTele   +   (no boots)
Stlth    +.........             (no amulet)
HPRegen  0.07/turn              (no ring)
MPRegen  0.08/turn              (no ring)

@: heavily drained
A: no striking features
a: Renounce Religion


You were in the Dungeon.
You worshipped Okawaru.
Okawaru was noncommittal.
You visited 1 branch

Inventory:

Hand Weapons
 a - a +0 war axe
 k - a +2 quarterstaff (weapon)
Missiles
 d - 2 throwing nets (quivered)
Armour
 b - a +0 leather armour (worn)
 c - a +0 helmet (worn)
Scrolls
 j - a scroll of blinking
 m - 5 scrolls of amnesia
 n - a scroll of summoning
Potions
 e - a potion of curing
 f - a potion of heal wounds
 g - a potion of haste
 h - 4 potions of magic
 i - 3 potions of berserk rage
 l - 2 potions of invisibility


   Skills:
 + Level 3.0 Fighting
 + Level 5.5 Axes
 + Level 0.8 Staves
 + Level 2.1 Throwing
 + Level 1.0 Armour
 + Level 3.5 Dodging


You had one spell level left.
You didn't know any spells.
Your spell library was empty.

Dungeon Overview and Level Annotations

Branches:
Dungeon (1/1)

Altars:
Ashenzari
Cheibriados
Dithmenos
Elyvilon
Fedhas
Gozag
Hepliaklqana
Kikubaaqudgha
Makhleb
Nemelex Xobeh
Okawaru
Qazlal
Ru
Sif Muna
Trog
Uskayaw
Vehumet
Wu Jian
Xom
Yredelemnul
Zin
The Shining One
Beogh
Jiyva
Lugonu


Message History

The jackal closely misses you.
You completely miss the jackal.
The jackal is heavily wounded.
The jackal barely misses you. x2
The jackal barely misses you.
There is an open door here.
You see here a river rat skeleton.
You hit the jackal.
You kill the jackal!
Okawaru accepts your kill. The wight barely misses you.
Throw: 3 throwing nets
Press: ? - help, Q - select action Shift-Dir - straight line, f - wight
Aim: a wight, wielding a +3 long sword and wearing a +0 robe (59% to hit)
You throw a throwing net.
The throwing net barely misses the wight.
The throwing net hits the wight.
The wight is caught in the net!
The wight struggles against the net.
The wight barely misses you.
You hit the wight.
The wight is moderately damaged.
The wight struggles against the net.
The wight hits you with a +3 long sword!
The wight struggles against the net.
You barely miss the wight.
The wight is moderately damaged.
The wight hits you with a +3 long sword.
You feel drained.
The wight struggles against the net.
You hit the wight.
The wight is heavily damaged.
The wight hits you with a +3 long sword.
* * * LOW HITPOINT WARNING * * *
You feel drained.
* * * LOW HITPOINT WARNING * * *
The wight struggles against the net.
You thump the wight!
The wight is almost destroyed.
The wight barely misses you.
The wight struggles against the net.
The net rips apart, and the wight comes free!
The wight hits you with a +3 long sword!
You die...

############
#_________.#
#_________.#
#_______...###########++
##########'##...........
#.?(.')))'.##......#..#.
##########.##...........
#...........'...........
+#####@#####......#..#.
#...#z# #...........
#...#z# ####'#####++
#...hz# #.......#
##h#### #.......#


#r.hzz# #.......# #..zh.# #...<...# #...zz.. #.......# #........##.......# You
could see 3 wights and a jackal.

Vanquished Creatures
  A river rat (D)
  A bat zombie (D)
  A goblin (D)
  2 jackals (D)
  A quokka (D)
  A frilled lizard (D)
  A rat (D)
8 creatures vanquished.

Notes
Turn   | Place    | Note
-------+----------+-------------------------------------------
     0 | D        | boopmooplesden the Hill Orc Gladiator began the quest for
                  | the Orb.
     0 | D        | Reached XP level 1. HP: 18/18 MP: 1/1
    42 | D        | Found a bloodstained altar of Trog.
    42 | D        | Found a shimmering blue altar of Sif Muna.
    42 | D        | Found a viscous altar of Jiyva.
    42 | D        | Found a hazy altar of Hepliaklqana.
    42 | D        | Found an opulent altar of Gozag.
    43 | D        | Found a glowing golden altar of the Shining One.
    43 | D        | Found a glowing silver altar of Zin.
    43 | D        | Found a basalt altar of Yredelemnul.
    43 | D        | Found a shimmering altar of Xom.
    43 | D        | Found an ornate altar of the Wu Jian Council.
    43 | D        | Found a sacrificial altar of Ru.
    43 | D        | Found a stormy altar of Qazlal.
    43 | D        | Found an iron altar of Okawaru.
    43 | D        | Found a sparkling altar of Nemelex Xobeh.
    43 | D        | Found a burning altar of Makhleb.
    43 | D        | Found a blossoming altar of Fedhas.
    43 | D        | Found a white marble altar of Elyvilon.
    43 | D        | Found a shadowy altar of Dithmenos.
    43 | D        | Found a snail-covered altar of Cheibriados.
    45 | D        | Found a corrupted altar of Lugonu.
    45 | D        | Found a radiant altar of Vehumet.
    45 | D        | Found a roughly hewn altar of Beogh.
    46 | D        | Found an ancient bone altar of Kikubaaqudgha.
    46 | D        | Found a hide-covered altar of Uskayaw.
    46 | D        | Found a broken altar of Ashenzari.
    50 | D        | Became a worshipper of Warmaster Okawaru
    66 | D        | Reached skill level 5 in Axes
    66 | D        | Reached XP level 2. HP: 15/25 MP: 2/2
    72 | D        | Reached skill level 1 in Armour
   306 | D        | Noticed a wight
   306 | D        | Noticed a wight
   307 | D        | Noticed a wight
   307 | D        | Noticed a wight
   307 | D        | Noticed a wight
   325 | D        | Mangled by a wight

Illustrated notes

Levels and vault maps discovered:
D:        pitsprint [storerooms_1, entrance_room_1, metal_vault_4, armoury_3,
          mini_pit_1, grid_room_1, main_hall_1, silver_pit, the_coven_1,
          the_vestibule_1, steel_vault_1, golden_pit, hallway_of_sentries,
          crystal_vault_4, iron_vault_2, final_vault]

Skill      XL: |  1  2 |
---------------+-------+-----
Axes           | 5 |  5.5
Throwing       | 2 |  2.1
Dodging        | 3 |  3.5
Armour         | 1 |  1.0
Fighting       | 3 |  3.0
Staves         | |  0.8

Action                   || total
-------------------------++-------
Melee: Quarterstaff      ||    25
       War axe           ||     4
Throw: Throwing net      ||     1
Armor: Leather armour    ||    12
Dodge: Dodged            ||    17
